 Dungeon Crawl Stone Soup version 0.30.0 (webtiles) character file.

Game seed: 16415453201480608761

29 jagoly the Trooper (level 3, -3/31 HPs)
             Began as a Draconian Fighter on May 21, 2023.
             Succumbed to a kobold's poison
             ... on level 2 of the Dungeon.
             The game lasted 00:04:50 (1324 turns).

jagoly the Trooper (Draconian Fighter)              Turns: 1324, Time: 00:04:50

Health: -3/31      AC:  5    Str: 18    XL:     3   Next: 1%
Magic:  3/3        EV: 12    Int:  8    God:
Gold:   124        SH:  4    Dex: 12    Spells: 2/2 levels left

rFire   . . .        a - +0 long sword
rCold   . . .        b - +0 buckler
rNeg    . . .        (body armour unavailable)
rPois   .            (helmet restricted)
rElec   .            (no cloak)
rCorr   .            (no gloves)
SInv    .            (no boots)
Will    .....        (no amulet)
Stlth   ++           (no ring)
HPRegen 0.25/turn    (no ring)
MPRegen 0.08/turn

%: no passive effects
@: brilliant, lethally poisoned (-3 -> -27), flying
A: AC +5, unfitting armour, cold-blooded
a: no special abilities


You were on level 2 of the Dungeon.
You visited 1 branch of the dungeon, and saw 2 of its levels.

You collected 124 gold pieces.

Inventory:

Hand Weapons
 a - a +0 long sword (weapon)
Missiles
 f - a throwing net (quivered)
 g - 24 stones
 i - 3 boomerangs
Armour
 b - a +0 buckler (worn)
Jewellery
 k - a ring of magical power
Scrolls
 h - a scroll of noise {unknown}
 j - 2 scrolls of poison {unknown}
 l - a scroll of brand weapon {unknown}
 m - a scroll of fog {unknown}
 n - a scroll of blinking {unknown}
 o - a scroll of teleportation {unknown}
Potions
 c - a potion of might
 d - a potion of brilliance


   Skills:
 + Level 3.4 Fighting
 * Level 2.4 Long Blades
 + Level 2.8 Dodging
 - Level 2.0 Stealth
 - Level 3.0 Shields


You had 2 spell levels left.
You didn't know any spells.
Your spell library contained the following spells:

 Spells                   Type           Power      Damage    Failure   Level
 Apportation              Tloc           0%         N/A       50%         1
 Lesser Beckoning         Tloc           0%         N/A       63%         2
 Gell's Gravitas          Tloc           0%         N/A       86%         3
 Teleport Other           Tloc           0%         N/A       86%         3
 Alistair's Intoxication  Tmut/Pois      0%         N/A       100%        5
 Dispersal                Tloc           0%         N/A       100%        6


Dungeon Overview and Level Annotations

Branches:
Dungeon (2/15) Zot: 10648

Altars:

Annotations:
D:2 exclusion: adder


Innate Abilities, Weirdness & Mutations

Your plain brown scales are hard. (AC +5)
You cannot fit into any form of body armour.
You are cold-blooded and may be slowed by cold attacks.


Message History

Welcome, jagoly the Draconian Fighter.
If you return without finding the Orb of Zot, so far below, it's all over!
Press ? for a list of commands and other information.
Found a staircase leading out of the dungeon.
Found 2 fuming clear potions.
d - 2 fuming clear potions You open the gate.
Found a viscous ruby potion, a book of Displacement and 13 gold pieces.
There is an open gate here.
e - a viscous ruby potion You pick up a book of Displacement and begin reading...
You add the spells Lesser Beckoning, Gell's Gravitas and Teleport Other to your library.
You now have 13 gold pieces.
You open the door.
There is an open door here.
A quokka and a rat come into view.
The quokka bites you.
You hit the quokka but do no damage. You block the quokka's attack.
You hit the quokka but do no damage.
Your tail-slap misses the quokka.
You block the quokka's attack.
The quokka bites you but does no damage.
You closely miss the quokka. The quokka bites you.
You hit the quokka.
The quokka is lightly wounded.
The quokka twitches its whiskers.
The quokka closely misses you. x2
You hit the quokka.
Your tail-slap misses the quokka.
The quokka is moderately wounded.
The quokka bites you.
You closely miss the quokka.
The quokka is moderately wounded.
You block the quokka's attack. The quokka barely misses you.
You closely miss the quokka.
Your tail-slap misses the quokka.
The quokka is moderately wounded.
The quokka misses you. The quokka bites you.
You miss the quokka.
The quokka is moderately wounded.
The quokka barely misses you.
You slash the quokka!
You kill the quokka!
No target in view!
You start resting.
HP restored.
You start resting.
HP restored.
Found a throwing net.
The rat bites you.
You barely miss the rat. You block the rat's attack. x2
You closely miss the rat. You tail-slap the rat.
The rat is heavily wounded.
The rat bites you but does no damage.
You hit the rat.
You kill the rat!
No target in view!
No target in view!
No target in view!
You see here a rat corpse.
f - a throwing net You now have 25 gold pieces (gained 12).
An endoplasm comes into view.
The endoplasm quivers.
You slash the endoplasm!
You kill the endoplasm!
Your Stealth skill increases to level 1!
No target in view!
No target in view!
Found a stone staircase leading down.
You now have 29 gold pieces (gained 4).
Found 5 stones.
Key pressed, stopping explore.
Unknown command.
You see here 5 stones.
You see here 5 stones.
g - 5 stones A rat comes into view.
You block the rat's attack.
You hit the rat.
You kill the rat!
No target in view!
No target in view!
A dart slug comes into view.
You hit the dart slug.
The dart slug is moderately wounded.
The dart slug launches a dart at you. The slug dart misses you.
You slash the dart slug!
You kill the dart slug!
No target in view!
No target in view!
A frilled lizard comes into view.
The helpless frilled lizard fails to defend itself.
You slash the frilled lizard!
You kill the frilled lizard!
No target in view!
No target in view!
You open the door.
There is an open door here.
You open the door.
There is an open door here.
Found a robe.
No target in view!
Found an escape hatch in the floor.
No target in view!
A hobgoblin comes into view.
The hobgoblin shouts!
A hobgoblin is nearby!
You see here a scroll labelled REIPSE HOCKEID.
The hobgoblin barely misses you.
You closely miss the hobgoblin. The hobgoblin hits you.
You hit the hobgoblin but do no damage. You block the hobgoblin's attack.
The hobgoblin closely misses you.
You barely miss the hobgoblin.
You tail-slap the hobgoblin, but do no damage.
The hobgoblin misses you.
You hit the hobgoblin.
The hobgoblin is almost dead.
The hobgoblin hits you but does no damage.
You slash the hobgoblin!
You kill the hobgoblin!
You have reached level 2!
HP restored.
h - a scroll labelled REIPSE HOCKEID You see here a hobgoblin corpse.
g - 14 stones (gained 9)
A ball python comes into view.
You hit the ball python.
You kill the ball python!
No target in view!
No target in view!
You pick up a There-And-Back Book and begin reading...
You add the spell Dispersal to your library.
You open the door.
There is an open door here.
Found 3 boomerangs.
Key pressed, stopping explore.
Unknown command.
You see here 3 boomerangs.
i - 3 boomerangs You open the door.
A hobgoblin comes into view.
A hobgoblin is nearby!
There is an open door here.
Found a stone staircase leading down.
Found 19 gold pieces.
The hobgoblin shouts!
You closely miss the hobgoblin. The hobgoblin closely misses you.
You closely miss the hobgoblin.
Your tail-slap misses the hobgoblin.
The hobgoblin closely misses you. You block the hobgoblin's attack.
You slash the hobgoblin!
You kill the hobgoblin!
No target in view!
No target in view!
There is a stone staircase leading down here.
You now have 48 gold pieces (gained 19).
You now have 58 gold pieces (gained 10).
A hobgoblin comes into view.
The helpless hobgoblin fails to defend itself.
You hit the hobgoblin. You tail-slap the hobgoblin.
You kill the hobgoblin!
No target in view!
No target in view!
You see here a hobgoblin corpse.
A frilled lizard comes into view.
Found a stone staircase leading down.
Found a scroll labelled TUUFRA DUZIP.
The helpless frilled lizard fails to defend itself.
You slash the frilled lizard!
You kill the frilled lizard!
Training target 2.0 for Stealth reached!
Your Stealth skill increases to level 2!
You need to enable at least one skill for training.
j - a scroll labelled TUUFRA DUZIP A goblin comes into view.
It is wielding a +0 club.
The goblin shouts!
Found a book of Party Tricks.
You slash the goblin!
You kill the goblin!
No target in view!
No target in view!
You now have 72 gold pieces (gained 14).
You pick up a book of Party Tricks and begin reading...
You add the spells Apportation and Alistair's Intoxication to your library.
j - 2 scrolls labelled TUUFRA DUZIP (gained 1)
g - 17 stones (gained 3)
You now have 83 gold pieces (gained 11).
You now have 94 gold pieces (gained 11).
You open the door.
There is an open door here.
You open the door.
There is an open door here.
You open the door.
There is an open door here.
You open the door.
There is an open door here.
A bat comes into view.
The bat hits you but does no damage.
You barely miss the bat. The bat hits you but does no damage.
You block the bat's attack. The bat closely misses you.
The bat barely misses you.
You closely miss the bat. The bat closely misses you. The bat misses you.
The bat closely misses you. The bat closely misses you.
You barely miss the bat. You block the bat's attack.
You miss the bat. The bat barely misses you. You block the bat's attack.
The bat hits you. The bat hits you but does no damage.
You barely miss the bat. The bat hits you but does no damage.
The bat barely misses you.
You miss the bat. You block the bat's attack. The bat misses you.
The bat hits you but does no damage. You block the bat's attack.
You hit the bat but do no damage. You tail-slap the bat.
The bat is severely wounded.
The bat hits you. The bat misses you. The bat barely misses you.
You hit the bat.
You kill the bat!
No target in view!
No target in view!
g - 19 stones (gained 2)
There is an open door here.
You open the door.
There is an open door here.
A ball python comes into view.
The ball python hisses angrily.
You hit the ball python.
You kill the ball python!
No target in view!
No target in view!
You see here a +0 robe.
You open the door.
There is an open door here.
You open the door.
There is an open door here.
There is an open door here.
There is an open door here.
You see here a +0 robe.
There is an open gate here.
You enter the shallow water.
Moving in this stuff is going to be slow.
You enter the shallow water.
Moving in this stuff is going to be slow.
Partly explored, can't reach some places.
Partly explored, can't reach some places.
There is an open gate here.
There is an open door here.
There is a stone staircase leading down here.
You climb downwards.
The jackal barks!
You hear a bark!
There is a stone staircase leading up here.
A jackal comes into view.
A jackal comes into view.
The jackal barks!
You hear a bark!
You hear an angry hiss.
The jackal barks!
You hit the jackal.
Your tail-slap misses the jackal.
The jackal is severely wounded.
The jackal misses you.
You closely miss the jackal.
The jackal is severely wounded.
You block the jackal's attack.
A jackal comes into view.
A rat comes into view.
You hit the jackal.
The jackal is severely wounded.
The jackal closely misses you. x2
You closely miss the jackal.
The jackal is severely wounded.
The jackal completely misses you.
A ball python comes into view.
The jackal barely misses you.
The jackal bites you but does no damage. x2
The ball python hisses angrily.
You hit the jackal.
You kill the jackal!
The jackal misses you. You block the jackal's attack. The jackal misses you.
The jackal closely misses you.
You closely miss the jackal.
The jackal is heavily wounded.
You block the jackal's attack.
The jackal bites you but does no damage.
You block the jackal's attack. x2
The jackal bites you but does no damage. x2
You slash the jackal!
You kill the jackal!
The jackal closely misses you. The jackal barely misses you.
The jackal bites you. The jackal closely misses you.
You slash the jackal!
You kill the jackal!
The jackal bites you but does no damage.
You block the jackal's attack.
You completely miss the ball python. The ball python misses you.
The ball python grabs you. The ball python constricts you.
The jackal closely misses you.
The ball python bites you but does no damage.
The ball python constricts you.
The jackal bites you but does no damage.
You hit the ball python.
The ball python is moderately wounded.
The ball python closely misses you. The ball python constricts you.
The jackal completely misses you. You block the ball python's attack.
The ball python constricts you.
You hit the ball python.
You kill the ball python!
The jackal bites you but does no damage. x2
You completely miss the jackal. The jackal misses you. The rat bites you.
The jackal completely misses you. The rat bites you but does no damage.
You hit the jackal.
The jackal is moderately wounded.
The jackal bites you but does no damage.
The rat closely misses you. The jackal barely misses you.
You closely miss the jackal.
The jackal is moderately wounded.
The jackal barely misses you. The rat closely misses you.
The jackal bites you but does no damage.
You closely miss the jackal.
The jackal bites you but does no damage.
The rat bites you but does no damage. You block the rat's attack.
The jackal closely misses you.
You closely miss the jackal. You tail-slap the jackal.
The jackal is heavily wounded.
The jackal bites you but does no damage.
The rat closely misses you.
You barely miss the jackal.
The jackal is heavily wounded.
The jackal barely misses you. The rat bites you but does no damage.
The jackal barely misses you.
You hit the jackal.
You kill the jackal!
You block the rat's attack.
You slash the rat!
You kill the rat!
No target in view!
HP restored.
An endoplasm comes into view.
The endoplasm quivers.
You barely miss the endoplasm. You tail-slap the endoplasm.
The endoplasm is heavily wounded.
The endoplasm barely misses you.
You hit the endoplasm but do no damage.
The endoplasm is heavily wounded.
The endoplasm jiggles.
The endoplasm closely misses you.
The endoplasm hits you but does no damage.
You barely miss the endoplasm.
The endoplasm is heavily wounded.
The endoplasm misses you.
You barely miss the endoplasm.
The endoplasm is heavily wounded.
The endoplasm barely misses you.
You barely miss the endoplasm.
The endoplasm is heavily wounded.
The endoplasm hits you. The endoplasm freezes you.
You are frozen.
You slash the endoplasm!
You kill the endoplasm!
No target in view!
An adder comes into view.
Press: ? - help, v - describe, . - travel
Here: an adder (asleep)
The floor.
Placed new exclusion.
You now have 106 gold pieces (gained 12).
Key pressed, stopping explore.
Found an escape hatch in the ceiling.
k - a ring of magical power
There is an escape hatch in the ceiling here.
A goblin comes into view. It is wielding a +0 dagger.
A goblin is nearby!
Unknown command.
Unknown command.
The helpless goblin fails to defend itself.
You slash the goblin!
You kill the goblin!
No target in view!
Things that are here:
a +0 dagger; a goblin corpse
Found a stone staircase leading up.
There is a stone staircase leading up here.
A kobold comes into view. It is wielding a +0 whip.
The kobold moves out of view.
The kobold shouts!
You closely miss the kobold. You tail-slap the kobold.
You kill the kobold!
No target in view!
No target in view!
g - 24 stones (gained 5)
Things that are here:
a +0 whip; a kobold corpse
l - a scroll labelled REMUCI BEWYGG A ball python comes into view.
Found a scale mail and a scroll labelled MAUDACK UREAM.
The ball python hisses angrily.
You see here 9 gold pieces.
The ball python bites you but does no damage.
The ball python closely misses you. The ball python bites you.
The ball python barely misses you.
You hit the ball python.
The ball python is moderately wounded.
You block the ball python's attack. The ball python misses you.
You closely miss the ball python.
The ball python is moderately wounded.
You block the ball python's attack. The ball python grabs you.
The ball python constricts you.
The ball python bites you but does no damage.
The ball python constricts you.
You barely miss the ball python.
Your tail-slap misses the ball python.
The ball python is moderately wounded.
The ball python bites you. The ball python constricts you.
You hit the ball python.
The ball python is severely wounded.
The ball python barely misses you. The ball python constricts you.
The ball python bites you. The ball python constricts you.
You hit the ball python.
You kill the ball python!
No target in view!
You now have 115 gold pieces (gained 9).
You now have 117 gold pieces (gained 2).
You now have 124 gold pieces (gained 7).
m - a scroll labelled MAUDACK UREAM
n - a scroll labelled BUUBUEPLEE Key pressed, stopping explore.
Unknown command.
Found an escape hatch in the floor.
o - a scroll labelled UVAISU JIKH A kobold comes into view.
It is wielding a +2 dagger of venom.
The kobold shouts!
You hear a shout!
A hobgoblin comes into view.
Found a sling.
You block the hobgoblin's attack.
You hit the hobgoblin but do no damage.
You tail-slap the hobgoblin, but do no damage.
The hobgoblin hits you.
You hit the hobgoblin.
Your tail-slap misses the hobgoblin.
The hobgoblin is moderately wounded.
The hobgoblin barely misses you.
You hit the hobgoblin.
You tail-slap the hobgoblin, but do no damage.
The hobgoblin is heavily wounded.
You block the hobgoblin's attack. The hobgoblin barely misses you.
You hit the hobgoblin but do no damage.
The hobgoblin is heavily wounded.
The hobgoblin hits you.
You barely miss the hobgoblin.
The hobgoblin is heavily wounded.
The hobgoblin hits you but does no damage.
You hit the hobgoblin.
You kill the hobgoblin!
The kobold barely misses you.
You have reached level 3!
Your experience leads to an increase in your attributes!
Increase (S)trength, (I)ntelligence, or (D)exterity?
You feel agile. x2; Your scales feel tougher.
You closely miss the kobold. The kobold hits you but does no damage.
You are poisoned.
You barely miss the kobold.
You feel very sick. The kobold hits you but does no damage.
You are more poisoned.
You closely miss the kobold.
You feel very sick.
The kobold hits you with a +2 dagger of venom.
You are lethally poisoned!
You hit the kobold.
Your tail-slap misses the kobold.
The kobold is heavily wounded.
* * * LOW HITPOINT WARNING * * *
You feel extremely sick. The kobold barely misses you.
The kobold hits you with a +2 dagger of venom.
* * * LOW HITPOINT WARNING * * *
You are more poisoned.
It was a potion of brilliance.
You feel clever all of a sudden.
* * * LOW HITPOINT WARNING * * *
You feel extremely sick. The kobold barely misses you.
It was a potion of flight.
You feel very buoyant.
You fly up into the air.
You die...

#.....#
#.###.#.#
#.....#
#.##..#.#
#..[..#
#.##.##.#
#######
#.##.##.#
#>......#
####.#### #
#.#
....########.#
#....K@.....#
#..#.##.#####
.) #.# #.. #.#
#. #.# .. ..#
# ###


You could see a kobold.

Vanquished Creatures
  A dart slug (D:1)
  2 endoplasms
  2 goblins
  4 hobgoblins
  4 jackals (D:2)
  A quokka (D:1)
  4 ball pythons
  A bat (D:1)
  2 frilled lizards (D:1)
  A kobold (D:2)
  3 rats
25 creatures vanquished.

Notes
Turn   | Place    | Note
-------+----------+-------------------------------------------
     0 | D:1      | jagoly the Draconian Fighter began the quest for the Orb.
     0 | D:1      | Reached XP level 1. HP: 19/19 MP: 1/1
   153 | D:1      | Reached skill level 1 in Stealth
   381 | D:1      | Reached XP level 2. HP: 22/26 MP: 2/2
  1319 | D:2      | Reached XP level 3. HP: 28/31 MP: 3/3
  1324 | D:2      | Succumbed to a kobold's poison

Illustrated notes

Levels and vault maps discovered:
D:1:      kennysheep_arrival_seaside, layout_loops_corners
D:2:      layout_loops_cross

Skill      XL: |  1  2 |
---------------+-------+-----
Stealth        | 1 2 |  2.0
Fighting       | |  3.4
Long Blades    | |  2.4
Dodging        | |  2.8
Shields        | |  3.0

Action                     || total
---------------------------++-------
  Melee: Long sword        ||    80
         Tailslap          ||     9
    Use: Potion            ||     2
   Stab: Sleeping          ||     4
 Armour: Skin              ||    31
  Dodge: Dodged            ||    60
  Block: Buckler           ||    26
